 Dungeon Crawl Stone Soup version 0.20.0-10-g0535bb4 (webtiles) character file.

123878 McKennaii the Fencer (level 16, -2/130 HPs)
             Began as a Demonspawn Abyssal Knight on June 3, 2017.
             Was a Priest of Lugonu.
             Succumbed to a naga mage's poison arrow
             ... on level 3 of the Snake Pit.
             The game lasted 01:33:12 (37237 turns).

McKennaii the Fencer (Demonspawn Abyssal Knight)   Turns: 37237, Time: 01:33:13

Health: -2/130     AC: 22    Str: 20    XL:     16   Next: 38%
Magic:  1/22       EV: 14    Int: 16    God:    Lugonu [***...]
Gold:   45         SH:  0    Dex: 21    Spells: 15/15 levels left

rFire    + + .     SeeInvis .   I - +3 great sword (flame)
rCold    . . .     Gourm    .   (shield currently unavailable)
rNeg     . . .     Faith    .   X - +2 chain mail {rF+}
rPois    .         Spirit   +   t - +0 helmet "Tinen" {Str+6}
rElec    .         Reflect  .   r - +1 cloak
rCorr    .         Harm     .   O - +0 pair of gloves
MR       ++...                  (no boots)
Stlth    +.........             s - amulet of rage
Regen    0.4/turn               y - +5 ring of dexterity
MPRegen  0.4/turn               V - ring of protection from fire

@: lethally poisoned (-2 -> -18), very slightly contaminated, slowed, invisible,
very slow
A: talons 2, thin metallic scales 2, high mp 1, magic resistance 1, spiny 3,
magic shield, magic regeneration
a: Depart the Abyss, Bend Space, Banish, Renounce Religion, Evoke Berserk Rage


You were on level 3 of the Snake Pit.
You worshipped Lugonu.
Lugonu was most pleased with you.
You were near starving.

You visited 3 branches of the dungeon, and saw 24 of its levels.
You visited the Abyss 5 times.

You collected 1941 gold pieces.
You spent 1896 gold pieces at shops.

Inventory:

Hand Weapons
 I - a +3 great sword of flaming (weapon)
Armour
 r - a +1 cloak (worn)
 t - the +0 helmet "Tinen" (worn) {Str+6}
   (You found it on level 15 of the Dungeon)

   It affects your strength (+6).
 O - a +0 pair of gloves (worn)
 X - a +2 chain mail of fire resistance (worn)
Jewellery
 f - an uncursed ring of positive energy
 s - an amulet of rage (around neck)
 y - a +5 ring of dexterity (left hand)
 C - an uncursed ring of resist corrosion
 V - a ring of protection from fire (right hand)
Wands
 b - a wand of iceblast (8/15)
 w - a wand of digging (6/24)
 z - a wand of polymorph (6/24)
 B - a wand of confusion (6/48)
 E - a wand of polymorph (12/24)
Scrolls
 d - 6 scrolls of magic mapping
 e - 2 scrolls of fog
 g - 7 scrolls of remove curse
 h - a scroll of enchant armour
 j - 3 scrolls of identify
 k - 8 scrolls of amnesia
 l - 2 scrolls of fear
 o - 3 scrolls of teleportation
 F - 3 scrolls of recharging
 G - 2 scrolls of enchant weapon
 U - a scroll of acquirement
Potions
 c - a potion of resistance
 i - 3 potions of flight
 v - 4 potions of brilliance
 x - 4 potions of agility
 A - a potion of berserk rage
 L - 5 potions of haste
 N - a potion of magic
 Z - 3 potions of might
Books
 a - a book of Changes

   Spells                             Type                      Level
   a - Beastly Appendage              Transmutation                1
   b - Sticks to Snakes               Transmutation                2
   c - Spider Form                    Transmutation/Poison         3
   d - Ice Form                       Ice/Transmutation            4
   e - Blade Hands                    Transmutation                5
 S - a book of Conjurations

   Spells                             Type                      Level
   a - Magic Dart                     Conjuration                  1
   b - Searing Ray                    Conjuration                  2
   c - Dazzling Spray                 Conjuration/Hexes            3
   d - Fulminant Prism                Conjuration/Hexes            4
   e - Force Lance                    Conjuration/Translocation    4
   f - Iskenderun's Mystic Blast      Conjuration                  4
Miscellaneous
 n - a fan of gales
 Q - a lamp of fire
 W - a lightning rod (4/4)
Comestibles
 p - 20 royal jellies
 q - 14 bread rations
 u - 2 fruits
 J - 2 meat rations


   Skills:
 + Level 13.1 Fighting
 + Level 17.8 Long Blades
 + Level 10.5 Armour
 + Level 8.7 Dodging
 + Level 8.5 Stealth
 + Level 4.6 Invocations
 + Level 5.6 Evocations


You had 15 spell levels left.
You didn't know any spells.

Dungeon Overview and Level Annotations

Branches:
Dungeon (15/15)            Temple (0/1) D:7            Lair (6/6) D:10
 Shoals (0/4) Lair:4        Snake (3/4) Lair:3        Slime (0/5) Lair:5
    Orc (0/2) D:11         Vaults (0/5) D:13         Depths (0/5) D:15

Altars:
Ashenzari
Cheibriados
Dithmenos
Elyvilon
Gozag
Kikubaaqudgha
Makhleb
Nemelex Xobeh
Sif Muna
Trog
Uskayaw
The Shining One
Beogh
Jiyva

Shops:
D:12 *   Snake:2 }(}**(

Portals:
Hell: Lair:6

Annotations:
Snake:3 Azrael, Vashnia


Innate Abilities, Weirdness & Mutations

You have razor-sharp toenails.
You are mostly covered in thin metallic scales. (AC +3)
You are completely covered in sharp spines.
When hurt, damage is shared between your health and your magic reserves.
You regenerate magic rapidly.
You have an increased reservoir of magic. (+10% MP)
You are resistant to hostile enchantments. (MR+)


Message History

The naga sharpshooter magically shoots an arrow.
The arrow hits you but does no damage.
Vashnia gestures wildly while chanting.
Vashnia magically shoots an arrow.
The arrow hits you!!
* * * LOW HITPOINT WARNING * * *
The naga sharpshooter gestures wildly while chanting.
The naga sharpshooter magically shoots an arrow.
The arrow hits you but does no damage.
The naga sharpshooter shoots an arrow.
The arrow hits you!
* * * LOW HITPOINT WARNING * * *
You are very lightly contaminated with residual magic.
Unknown command.
Unknown command.
Unknown command.
Okay, then.
You feel extremely strange.
You begin to regenerate regardless of the presence of monsters.
You feel frail.
You feel more energetic.
You feel resistant to hostile enchantments.
You die...

.......##...##
.......#.....##
..............##
.....<.........##
............N...##
.................#
.................#
...........<.....#
............@#
.S..S........#
.............#
..N.N........#
.S...N.......#
.S.....(.......
N....SS......##
##NN.....


You could see Vashnia, 2 naga sharpshooters, a guardian serpent (wandering), a
black mamba (wandering) and a naga.

Vanquished Creatures
  Rupert (D:15)
  Gastronok (D:9)
  Agnes (D:15)
  2 nagarajas (Snake:2)
  Aizul (Snake:2)
  A fire dragon (D:9)
  13 naga warriors
  8 hydras
  5 centaur warriors
  4 anacondas
  4 two-headed ogres
  An ogre mage (D:9)
  2 death yaks (Lair:5)
  4 naga sharpshooters (Snake:2)
  2 shock serpents (Snake:2)
  A sun demon (Lair:6)
  Sonja (Lair:1)
  4 skeletal warriors (D:15)
  5 unseen horrors
  5 wizards
  A flayed ghost (D:9)
  3 naga ritualists
  Pikel (D:7)
  A necromancer (D:15)
  7 ugly things
  5 deep elf magi
  2 mana vipers
  7 salamanders
  2 wolf spiders
  5 cyclopes
  5 manticores
  Maurice (D:10)
  28 black mambas
  Joseph (D:7)
  12 naga magi
  6 elephants (Lair:6)
  A black mamba (shapeshifter) (D:13)
  15 spiny frogs
  2 gargoyles
  3 guardian serpents
  8 rime drakes
  An orange demon (Lair:6)
  3 kobold demonologists
  3 komodo dragons
  A freezing wraith (D:13)
  2 ice devils (Lair:6)
  A hellwing (Lair:6)
  6 starcursed masses (Abyss:1)
  5 trolls
  3 polar bears (Lair:6)
  3 red devils (Lair:6)
  4 hornets
  A meliai zombie (D:15)
  9 blink frogs
  Prince Ribbit (D:7)
  A dream sheep (Lair:6)
  3 slime creatures (D:9)
  16 hippogriffs
  Sigmund (D:3)
  2 shadows
  2 wyverns
  A vampire (D:13)
  A wraith (D:15)
  6 basilisks
  8 vampire mosquitoes
  34 yaks
  Grum (D:9)
  2 hungry ghosts
  28 nagas
  20 water moccasins
  2 acid dragons
  4 hell hounds (Lair:6)
  8 porcupines
  3 black bears
  A hornet zombie (D:10)
  8 ice beasts
  4 orc warriors
  3 sky beasts
  A slave (D:7)
  9 phantoms
  An eye of draining (D:11)
  2 necrophages
  7 wolves
  An ogre (D:11)
  12 centaurs
  15 crocodiles
  14 bullfrogs
  3 big kobolds
  A wyvern zombie (D:11)
  A hornet simulacrum (D:15)
  5 scorpions
  11 killer bees
  A small abomination (Abyss:2)
  A wight (D:10)
  8 howler monkeys
  2 electric eels (Lair:6)
  6 crimson imps
  3 centaur zombies
  6 hounds
  9 jellies
  A quasit (D:14)
  A bullfrog zombie (D:12)
  5 centaur skeletons
  8 orc priests
  3 bullfrog skeletons
  11 orc wizards
  Jessica (D:8)
  An iguana (D:10)
  7 hell rats (Lair:5)
  11 worker ants
  A hound zombie (D:7)
  2 hound skeletons
  Robin (D:2)
  14 adders
  5 shadow imps
  A white imp (Abyss:1)
  7 oozes
  An adder skeleton (D:9)
  4 worms
  5 dart slugs
  6 leopard geckos
  40 orcs
  3 giant cockroaches
  15 goblins
  12 hobgoblins
  6 jackals
  5 quokkas
  2 ball pythons
  6 bats
  8 frilled lizards
  21 kobolds
  A leopard gecko zombie (D:8)
  8 rats
726 creatures vanquished.

Vanquished Creatures (others)
  A black mamba (Snake:3)
  A naga (Snake:1)
  A rat (D:3)
  A bush (Lair:6)
  18 fungi
  7 plants (Lair:6)
29 creatures vanquished.

Grand Total: 755 creatures vanquished

Notes
Turn   | Place    | Note
-------+----------+-------------------------------------------
     0 | Abyss:1  | McKennaii the Demonspawn Abyssal Knight began the quest for the Orb.
     0 | Abyss:1  | Reached XP level 1. HP: 18/18 MP: 2/2
    16 | Abyss:1  | Found a shattered altar of Ashenzari.
    43 | Abyss:1  | Found a shattered altar of Ashenzari.
   125 | Abyss:2  | Noticed an ancient zyme
   211 | Abyss:4  | Noticed a ynoxinul
   219 | Abyss:4  | Noticed a raiju
   220 | D:1      | Escaped the Abyss
   288 | D:1      | Reached skill level 1 in Dodging
   495 | D:1      | Reached skill level 2 in Long Blades
   512 | D:1      | Gained mutation: When hurt, damage is shared between your health and your magic reserves. [demonic ancestry]
   512 | D:1      | Reached XP level 2. HP: 14/24 MP: 3/3
   514 | D:1      | Reached * piety under Lugonu
  1228 | D:2      | Reached XP level 3. HP: 29/29 MP: 4/4
  1757 | D:2      | Noticed Robin
  1802 | D:2      | Reached ** piety under Lugonu
  1802 | D:2      | Gained mutation: You have sharp toenails. [demonic ancestry]
  1802 | D:2      | Reached XP level 4. HP: 13/36 MP: 3/5
  1803 | D:2      | Reached skill level 3 in Long Blades
  2051 | D:2      | Killed Robin
  2297 | D:3      | Noticed Sigmund
  2683 | D:2      | Gained mutation: You are partially covered in sharp spines. [demonic ancestry]
  2683 | D:2      | Reached XP level 5. HP: 3/41 MP: 1/6
  3614 | D:4      | Reached skill level 4 in Long Blades
  3632 | D:4      | Reached *** piety under Lugonu
  3912 | D:4      | Gained mutation: You are mostly covered in sharp spines. [demonic ancestry]
  3912 | D:4      | Reached XP level 6. HP: 33/48 MP: 5/7
  4309 | D:4      | Found a white marble altar of Elyvilon.
  4309 | D:4      | Found a bloodstained altar of Trog.
  4350 | D:5      | Entered Level 5 of the Dungeon
  4403 | D:5      | Noticed an ice beast
  4416 | D:5      | Killed an ice beast
  4416 | D:5      | Reached skill level 1 in Stealth
  4729 | D:5      | Reached skill level 5 in Long Blades
  4729 | D:5      | Gained mutation: You are partially covered in thin metallic scales. (AC +2) [demonic ancestry]
  4729 | D:5      | Reached XP level 7. HP: 48/54 MP: 6/8
  4774 | D:5      | Got a twisted leather armour
  4785 | D:5      | Identified the +1 leather armour of the Jabberwock {rPois rN+ Str-4} (You found it on level 5 of the Dungeon)
  5395 | D:3      | Killed Sigmund
  5395 | D:3      | Reached skill level 6 in Long Blades
  5425 | D:3      | Gained mutation: You are mostly covered in thin metallic scales. (AC +3) [demonic ancestry]
  5425 | D:3      | Reached XP level 8. HP: 60/61 MP: 9/9
  5751 | D:6      | Found a snail-covered altar of Cheibriados.
  5866 | D:6      | Found a shattered altar of Ashenzari.
  5934 | D:6      | Reached **** piety under Lugonu
  6393 | D:7      | Reached skill level 5 in Fighting
  6439 | D:7      | Noticed a hippogriff
  6459 | D:7      | Killed a hippogriff
  6459 | D:7      | Reached skill level 1 in Evocations
  6472 | D:7      | Reached skill level 7 in Long Blades
  6978 | D:7      | Reached XP level 9. HP: 20/68 MP: 2/10
  7255 | D:7      | Found a hide-covered altar of Uskayaw.
  7299 | D:7      | Found a staircase to the Ecumenical Temple.
  7511 | D:7      | Noticed Prince Ribbit
  7522 | D:7      | Killed Prince Ribbit
  7535 | D:7      | Noticed Joseph
  7656 | D:7      | Found an ancient bone altar of Kikubaaqudgha.
  7673 | D:7      | Noticed Pikel
  7693 | D:7      | Killed Pikel
  7693 | D:7      | Reached skill level 8 in Long Blades
  7693 | D:7      | Reached skill level 5 in Armour
  7805 | D:7      | Gained mutation: Your spells are a little harder to cast, but a little more powerful. [potion of mutation]
  7805 | D:7      | Gained mutation: You have a pair of small horns on your head. [potion of mutation]
  7825 | D:7      | Killed Joseph
  8185 | D:8      | Found an opulent altar of Gozag.
  8185 | D:8      | Found a sparkling altar of Nemelex Xobeh.
  8438 | D:8      | Found a glowing golden altar of the Shining One.
  8478 | D:8      | Noticed Jessica
  8502 | D:8      | Killed Jessica
  8509 | D:8      | Found a deep blue altar of Sif Muna.
  9065 | D:9      | Gained mutation: You have razor-sharp toenails. [demonic ancestry]
  9065 | D:9      | Reached XP level 10. HP: 76/76 MP: 11/11
  9089 | D:9      | Noticed Grum
  9107 | D:9      | Killed Grum
  9107 | D:9      | Reached skill level 9 in Long Blades
  9288 | D:9      | Found a shadowy altar of Dithmenos.
  9521 | D:9      | Reached skill level 5 in Dodging
  9793 | D:9      | Noticed a centaur warrior
  9793 | D:9      | Noticed an ogre mage
  9793 | D:9      | Noticed a six-headed hydra
  9795 | D:9      | Found a runed door.
  9797 | D:9      | Noticed a fire dragon
  9797 | D:9      | Noticed a wolf spider
  9797 | D:9      | Noticed a seven-headed hydra
  9797 | D:9      | Noticed a flayed ghost
  9797 | D:9      | Noticed an eight-headed hydra
  9941 | D:9      | Noticed Gastronok
  9975 | D:9      | Killed Gastronok
  9975 | D:9      | Reached skill level 10 in Long Blades
 10176 | D:10     | Entered Level 10 of the Dungeon
 10356 | D:10     | Reached skill level 5 in Stealth
 10367 | D:10     | Reached XP level 11. HP: 84/84 MP: 12/12
 10401 | D:10     | Noticed Maurice
 10416 | D:10     | Killed Maurice
 10523 | D:10     | Got a faintly glowing dagger
 10524 | D:10     | Identified the +7 dagger of the Rat {protect, Int+7} (You found it on level 10 of the Dungeon)
 11142 | D:10     | Noticed a two-headed ogre
 11152 | D:10     | Killed a two-headed ogre
 11156 | D:10     | Reached skill level 11 in Long Blades
 11177 | D:10     | Noticed a wizard
 11188 | D:10     | Reached ***** piety under Lugonu
 11194 | D:10     | Killed a wizard
 11530 | D:10     | Got an iridescent great sword
 11532 | D:10     | Identified the cursed +1 great sword "Guivuk" {drain, Int+3} (You found it on level 10 of the Dungeon)
 11928 | D:10     | Found a staircase to the Lair.
 12258 | D:11     | Found a staircase to the Orcish Mines.
 12271 | D:11     | Found a roughly hewn altar of Beogh.
 12680 | D:11     | Noticed a seven-headed hydra
 12800 | D:11     | Noticed a two-headed ogre
 12804 | D:11     | Killed a two-headed ogre
 12856 | D:11     | Killed a seven-headed hydra
 12856 | D:11     | Reached skill level 12 in Long Blades
 12856 | D:11     | Reached XP level 12. HP: 81/92 MP: 11/14
 13689 | D:12     | Noticed an eight-headed hydra
 13695 | D:12     | Killed a nine-headed hydra
 13785 | D:12     | Found Ugaecodgh's General Store.
 14577 | D:13     | Reached skill level 13 in Long Blades
 14822 | D:13     | Noticed a centaur warrior
 14826 | D:13     | Killed a centaur warrior
 14949 | D:13     | Noticed a two-headed ogre
 14974 | D:13     | Killed a two-headed ogre
 15097 | D:13     | Found a gate to the Vaults.
 15513 | Abyss:1  | Noticed a starcursed mass
 15818 | Abyss:1  | Noticed a profane servitor
 15855 | Abyss:1  | Noticed a starcursed mass
 15930 | Abyss:1  | Noticed a tentacled starspawn
 15934 | D:13     | Escaped the Abyss
 16360 | D:14     | Gained mutation: You regenerate magic rapidly. [demonic ancestry]
 16360 | D:14     | Reached XP level 13. HP: 101/101 MP: 15/15
 17021 | Abyss:1  | Noticed a green death
 17034 | D:14     | Escaped the Abyss
 17270 | D:14     | Reached skill level 14 in Long Blades
 17711 | D:15     | Entered Level 15 of the Dungeon
 17996 | D:15     | Reached skill level 10 in Fighting
 18275 | D:15     | Found a staircase to the Depths.
 18348 | D:15     | Noticed Agnes
 18355 | D:15     | Killed Agnes
 18757 | D:15     | Noticed Rupert
 18767 | D:15     | Killed Rupert
 18767 | D:15     | Reached XP level 14. HP: 56/111 MP: 10/17
 18984 | D:15     | Got a pitted helmet
 18990 | D:15     | Lost mutation: You have a pair of small horns on your head. [potion of mutation]
 18990 | D:15     | Lost mutation: Your spells are a little harder to cast, but a little more powerful. [potion of mutation]
 18990 | D:15     | Gained mutation: You do not regenerate when monsters are visible. [potion of mutation]
 18990 | D:15     | Gained mutation: You are robust. (+10% HP) [potion of mutation]
 19016 | D:15     | Identified the cursed +0 helmet "Tinen" {Str+6} (You found it on level 15 of the Dungeon)
 19519 | Lair:1   | Entered Level 1 of the Lair of Beasts
 19730 | Lair:1   | Got a heavily runed leather armour
 19741 | Lair:1   | Identified the +2 leather armour of Classification {rF++ Int-3} (You found it on level 1 of the Lair of Beasts)
 19770 | Lair:1   | Noticed Sonja
 19792 | Lair:1   | Killed Sonja
 19792 | Lair:1   | Reached skill level 15 in Long Blades
 22250 | Lair:3   | Found a staircase to the Snake Pit.
 23434 | Lair:4   | Found a staircase to the Shoals.
 24189 | Lair:5   | Found a staircase to the Slime Pits.
 24190 | Lair:5   | Found a viscous altar of Jiyva.
 24457 | Lair:5   | Reached skill level 16 in Long Blades
 24785 | Lair:6   | Entered Level 6 of the Lair of Beasts
 25438 | Abyss:2  | Found a corrupted altar of Lugonu.
 25564 | Abyss:2  | Found a corrupted altar of Lugonu.
 25601 | Lair:5   | Escaped the Abyss
 26063 | Lair:6   | Found a burning altar of Makhleb.
 26093 | Lair:6   | Gained mutation: You are completely covered in sharp spines. [demonic ancestry]
 26093 | Lair:6   | Reached XP level 15. HP: 98/132 MP: 16/18
 27021 | Lair:6   | Found a gateway to Hell.
 29046 | Snake:1  | Entered Level 1 of the Snake Pit
 29474 | Snake:1  | Found a shattered altar of Ashenzari.
 29926 | Snake:1  | Reached skill level 17 in Long Blades
 30673 | Snake:2  | Found Kusumal's General Store.
 30675 | Snake:2  | Found Qithoysk's Weapon Boutique.
 30677 | Snake:2  | Bought a scroll of acquirement for 832 gold pieces
 30689 | Snake:2  | Bought a +2 chain mail of fire resistance for 344 gold pieces
 31156 | Snake:2  | Found Jonap's Assorted Antiques.
 31183 | Snake:2  | Found Xeelen's Gadget Emporium.
 31191 | Snake:2  | Bought a lightning rod (4/4) for 720 gold pieces
 31232 | Snake:2  | Found Puloweu's Gadget Emporium.
 31266 | Snake:2  | Found Deamewi's Antique Weapon Boutique.
 31970 | Snake:2  | Noticed a nagaraja
 31970 | Snake:2  | Noticed a nagaraja
 32398 | Snake:2  | Reached skill level 5 in Evocations
 33091 | Snake:2  | Killed a nagaraja
 33350 | Snake:2  | Killed a nagaraja
 33656 | Snake:2  | Reached XP level 16. HP: 141/141 MP: 18/20
 33699 | Snake:2  | Reached skill level 10 in Armour
 33785 | Snake:3  | Noticed Azrael
 33815 | Abyss:1  | Noticed a bone dragon
 33820 | Snake:2  | Escaped the Abyss
 34237 | Snake:3  | Noticed Aizul
 34254 | Snake:2  | Killed Aizul
 35924 | Snake:3  | Noticed Vashnia
 37236 | Snake:3  | HP: 6/143 [Vashnia/arrow (13)]
 37236 | Snake:3  | HP: 1/143 [naga sharpshooter/arrow[Vashnia] (5)]
 37237 | Snake:3  | Lost mutation: You do not regenerate when monsters are visible. [potion of mutation]
 37237 | Snake:3  | Lost mutation: You are robust. (+10% HP) [potion of mutation]
 37237 | Snake:3  | Gained mutation: You have an increased reservoir of magic. (+10% MP) [potion of mutation]
 37237 | Snake:3  | Gained mutation: You are resistant to hostile enchantments. (MR+) [potion of mutation]
 37237 | Snake:3  | Succumbed to a naga mage's poison arrow

Skill      XL: |  1  2  3  4  5  6  7  8  9 10 11 12 13 14 15 16 |
---------------+-------------------------------------------------+-----
Dodging        | 1 2 3 4 5 6 7 8 |  8.7
Long Blades    | 2 3 4 5 6 7 8 10 12 13 14 16 17 | 17.8
Armour         | 2 3 4 6 7 8 9 10 | 10.5
Fighting       | 4 5 6 7 8 9 10 11 12 13 | 13.1
Stealth        | 1 2 3 4 5 6 7 8 |  8.5
Evocations     | 1 2 3 4 5 |  5.6
Invocations    | 3 4 |  4.6

Action                   |  1- 3 |  4- 6 |  7- 9 | 10-12 | 13-15 | 16-18 || total
-------------------------+-------+-------+-------+-------+-------+-------++-------
Melee: Falchion          |   132 |   167 |   301 |   178 |       |       ||   778
       Kick              |       |    50 |   122 |   260 |   448 |    83 ||   963
       Headbutt          |       |       |    24 |   173 |    52 |       ||   249
       Dagger            |       |       |       |   108 |       |       ||   108
       Great sword       |       |       |       |   262 |   882 |   165 ||  1309
Invok: Depart the Abyss  |     1 |       |       |     1 |     2 |     1 ||     5
       Enter the Abyss   |       |       |       |     1 |     2 |     1 ||     4
 Abil: Evoke Berserk Rag |       |       |       |     3 |       |       ||     3
Evoke: Wand              |       |       |     6 |    15 |    47 |       ||    68
       Lamp of fire      |       |       |       |     1 |     2 |       ||     3
       Fan of gales      |       |       |       |       |     1 |     1 ||     2
  Use: Scroll            |     6 |       |     5 |    10 |    18 |     2 ||    41
       Potion            |     3 |     2 |     6 |     1 |     5 |     6 ||    23
 Stab: Sleeping          |       |     3 |     6 |    11 |    21 |       ||    41
       Distracted        |       |       |     1 |     2 |     8 |       ||    11
       Paralysed         |       |       |       |       |     2 |       ||     2
  Eat: Chunk             |     2 |     4 |    15 |    22 |    35 |     3 ||    81
       Royal jelly       |       |     1 |       |       |       |       ||     1
       Bread ration      |       |     1 |       |       |       |       ||     1
       Fruit             |       |       |     1 |     2 |     2 |     1 ||     6
       Meat ration       |       |       |       |     1 |     4 |     1 ||     6
Armor: Leather armour    |    34 |    49 |    50 |       |       |       ||   133
       Skin              |       |     6 |       |       |       |       ||     6
       Ring mail         |       |     1 |    45 |   204 |   347 |       ||   597
       Chain mail        |       |       |       |       |    46 |   101 ||   147
Dodge: Dodged            |    94 |    95 |   130 |   331 |   702 |   108 ||  1460
       Rpst.: Falchion   |    28 |    38 |    34 |    26 |       |       ||   126
       Great sword       |       |       |       |    38 |   163 |    28 ||   229
